 Dungeon Crawl Stone Soup version 0.29-a0-392-g297d3b089c (webtiles) character file.

Game seed: 15352718467727657258

563 TinyBigBoy the Magician (level 7, -2/51 HPs)
             Began as a Djinni Cinder Acolyte on May 8, 2022.
             Was a Follower of Ignis.
             Slain by a centaur (4 damage)
             ... on level 5 of the Dungeon.
             The game lasted 00:25:14 (6126 turns).

TinyBigBoy the Magician (Djinni Cinder Acolyte)     Turns: 6126, Time: 00:25:15

Health: -2/51      AC:  5    Str: 13    XL:     7   Next: 58%
Gold:   119        EV: 12    Int: 18    God:    Ignis [*.....] SH:  0 Dex: 14

rFire   + + +      SeeInvis .   a - +0 falchion (flame)
rCold   x . .      Faith    +   (no shield)
rNeg    . . .      Spirit   .   n - +2 robe {Will+}
rPois   ∞          Reflect  .   (no helmet)
rElec   .          Harm     .   (no cloak)
rCorr   .          Rampage  .   c - +0 pair of gloves
Will    +....                   (boots unavailable)
Stlth   ++........              f - amulet of faith
HPRegen 0.17/turn               s - +6 ring of dexterity
MPRegen 0.00/turn               (no ring)

@: flying
A: sickness immunity, fire resistance 2, cold vulnerability 1, float, innate
caster, HP casting, extra vitality 1
a: Renounce Religion, Fiery Armour, Foxfire Swarm, Rising Flame


You were on level 5 of the Dungeon.
You worshipped Ignis.
Ignis was aware of your devotion.
You visited 1 branch of the dungeon, and saw 5 of its levels.

You collected 210 gold pieces.
You spent 91 gold pieces at shops.

Inventory:

Hand Weapons
 a - a +0 falchion of flaming (weapon)
Armour
 b - a +0 robe
 c - a +0 pair of gloves (worn)
 n - a +2 robe of willpower (worn)
Jewellery
 f - an amulet of faith (around neck)
 s - a +6 ring of dexterity (left hand)
Wands
 g - a wand of mindburst (10)
 p - a wand of paralysis (10) (quivered)
 t - a wand of flame (20)
Scrolls
 d - a scroll of noise {unknown}
 h - a scroll of fog
 i - 2 scrolls of vulnerability
 j - 2 scrolls of blinking
 k - 2 scrolls of teleportation
Potions
 e - 2 potions of curing
 l - 2 potions of attraction
 m - a potion of flight
 o - a potion of might
 q - a potion of ambrosia {unknown}


   Skills:
 + Level 3.6 Fighting
 + Level 3.1 Long Blades
 + Level 1.9 Dodging
 + Level 1.9 Stealth
 * Level 5.3 Spellcasting


You had 8 spell levels left.
You knew the following spells:

 Your Spells              Type           Power      Damage    Failure   Level
a - Scorch                Fire           48%        2d7       2%          2
b - Summon Small Mammal   Summ           96%        N/A       1%          1
c - Blink                 Tloc           48%        N/A       2%          2
d - Ozocubu's Armour      Ice            24%        N/A       4%          3
Your spell library was empty.

Dungeon Overview and Level Annotations

Branches:
Dungeon (5/15)             Temple (0/1) D:4

Altars:
Gozag
Hepliaklqana
Kikubaaqudgha
The Shining One

Shops:
D:3 [   D:4 *

Annotations:
D:4 snetch's ghost, amateur MiBe
D:5 porpoise's ghost, novice VSWn


Innate Abilities, Weirdness & Mutations

You are immune to sickness and miasma.
You are immune to poison.
Your flesh is very heat resistant. (rF++)
You are vulnerable to cold. (rC-)
You float through the air rather than walking.
You learn spells naturally, not from books.
Your magical power is your life essence.
You have superior vitality. (+4 MHP)


Message History

The centaur kicks you but does no damage.
The centaur closely misses you.
The centaur kicks you but does no damage.
You hit the centaur but do no damage.
The centaur is severely wounded.
The centaur hits you.
* * * LOW HITPOINT WARNING * * *
The centaur kicks you.
* * * LOW HITPOINT WARNING * * *
You hit the centaur. You burn the centaur. You punch the centaur.
The centaur is almost dead.
The centaur completely misses you. The centaur misses you.
The centaur barely misses you.
The centaur kicks you but does no damage.
You hit the centaur but do no damage.
The centaur is almost dead.
The centaur hits you.
* * * LOW HITPOINT WARNING * * *
The centaur kicks you.
* * * LOW HITPOINT WARNING * * *
The centaur hits you.
* * * LOW HITPOINT WARNING * * *
The centaur closely misses you.
You barely miss the centaur.
The centaur is almost dead.
The centaur hits you but does no damage.
The centaur barely misses you.
You hit the centaur. You burn the centaur.
You punch the centaur, but do no damage.
The centaur is almost dead.
The centaur hits you but does no damage.
The centaur kicks you but does no damage.
The centaur hits you.
* * * LOW HITPOINT WARNING * * *
The centaur kicks you but does no damage.
You barely miss the centaur.
You punch the centaur, but do no damage.
The centaur is almost dead.
The centaur hits you.
You die...

#...... .......
....... ...c>..
....... .....
####..######
#..c####...#
##..@..#...#
#.....#...#
#.....#...#
#.....'...#
########.##...#
##...####.##...#
##
#..............#
.##
#..............#
..#
#..............#


You could see a centaur.

Vanquished Creatures
  A black bear (D:5)
  An ogre (D:5)
  A scorpion (D:5)
  A howler monkey (D:5)
  A quasit (D:4)
  A hound (D:5)
  An iguana (D:5)
  4 adders
  7 gnolls (D:3)
  A white imp (D:5)
  An ufetubus (D:5)
  2 worms
  3 dart slugs
  2 orcs
  5 endoplasms
  3 giant cockroaches
  8 goblins
  4 hobgoblins
  8 jackals
  4 kobolds
  2 quokkas
  6 ball pythons
  7 bats
  3 frilled lizards
  3 rats (D:1)
80 creatures vanquished.

Vanquished Creatures (others)
  58 foxfires
58 creatures vanquished.

Grand Total: 138 creatures vanquished

Notes
Turn   | Place    | Note
-------+----------+-------------------------------------------
     0 | D:1      | TinyBigBoy the Djinni Cinder Acolyte began the quest for
                  | the Orb.
     0 | D:1      | Reached XP level 1. HP: 20/20 MP: 0/0
    59 | D:1      | Reached XP level 2. HP: 14/25 MP: 0/0
   580 | D:1      | Found a faded altar of an unknown god.
   967 | D:1      | Reached XP level 3. HP: 21/30 MP: 0/0
   967 | D:1      | Learned a level 1 spell: Summon Small Mammal
  1520 | D:2      | Reached skill level 3 in Spellcasting
  1695 | D:2      | Reached XP level 4. HP: 31/35 MP: 0/0
  2575 | D:1      | You are sucked into a shaft and drop 1 floor!
  2629 | D:3      | Found Verrimett's Antique Armour Shop.
  2651 | D:3      | Reached skill level 1 in Dodging
  2651 | D:3      | Reached XP level 5. HP: 12/40 MP: 0/0
  2651 | D:3      | Learned a level 2 spell: Blink
  4039 | D:3      | Bought a runed robe for 81 gold pieces
  4400 | D:4      | Found an opulent altar of Gozag.
  4400 | D:4      | Found a hazy altar of Hepliaklqana.
  4432 | D:4      | Found a glowing golden altar of the Shining One.
  4471 | D:4      | Noticed snetch's ghost (amateur MiBe)
  4472 | D:4      | Found a transporter.
  4493 | D:4      | Found Quatysee's CLEARANCE SALE!.
  4507 | D:4      | Bought a scroll of identify for 10 gold pieces
  4715 | D:4      | Found a staircase to the Ecumenical Temple.
  4780 | D:4      | Found a transporter.
  4820 | D:4      | Reached skill level 1 in Stealth
  4820 | D:4      | Reached XP level 6. HP: 14/46 MP: 0/0
  5255 | D:5      | Entered Level 5 of the Dungeon
  5258 | D:5      | Reached skill level 4 in Spellcasting
  5339 | D:5      | Noticed a black bear
  5350 | D:5      | Killed a black bear
  5447 | D:5      | Reached XP level 7. HP: 42/50 MP: 0/0
  5447 | D:5      | Learned a level 3 spell: Ozocubu's Armour
  5518 | D:5      | Found a transporter.
  5518 | D:5      | Noticed porpoise's ghost (novice VSWn)
  5525 | D:5      | Found a transporter.
  5527 | D:5      | Noticed a vampire mosquito
  5738 | D:5      | Reached skill level 5 in Spellcasting
  6125 | D:5      | HP: 2/51 [centaur (2)]
  6126 | D:5      | Slain by a centaur

Illustrated notes

Levels and vault maps discovered:
D:1:      minmay_arrival_hallway, layout_basic, shapermc_ecumenical_altar_venn,
          serial_glass, glass_columns_a, glass_columns_c, glass_columns_a,
          glass_columns_c, glass_columns_a
D:2:      layout_basic
D:3:      layout_basic, serial_shops, shop
D:4:      layout_basic, mainiacjoe_overflow_catch_the_wave,
          mainiacjoe_overflow_divided_tiny, minmay_temple_entry_poolview,
          gammafunk_ghost_stat_death, nicolae_shop_clearance
D:5:      layout_gridville, gammafunk_ghost_arena, minmay_misc_feat_room

Skill      XL: |  1  2  3  4  5  6  7 |
---------------+----------------------+-----
Long Blades    | 3 |  3.1
Spellcasting   | 3 4 5 |  5.3
Dodging        | 1 |  1.9
Stealth        | 1 |  1.9
Fighting       | |  3.6

Action                   |  1- 3 |  4- 6 |  7- 9 || total
-------------------------+-------+-------+-------++-------
Melee: Falchion          |    43 |     5 |    10 ||    58
       Punch             |       |       |     3 ||     3
 Cast: Scorch            |    12 |    59 |    14 ||    85
       Ozocubu's Armour  |       |       |     1 ||     1
Invok: Foxfire Swarm     |     3 |     3 |       ||     6
       Fiery Armour      |       |     2 |       ||     2
Evoke: Wand              |       |       |     2 ||     2
  Use: Potion            |     2 |     3 |     2 ||     7
       Scroll            |     3 |    10 |     2 ||    15
Armor: Robe              |     9 |    22 |    11 ||    42
Dodge: Dodged            |    33 |    28 |    21 ||    82

Table legend: (Time is in decaauts)
 A = Elapsed time spent in this place.
 B = Non-inter-level travel time spent in this place.
 C = Inter-level travel time spent in this place.
 D = Time resting spent in this place.
 E = Time spent auto-exploring this place.
 F = Levels seen in this place.
 G = Mean time per level.
                   A        B        C        D        E       F      G
               +--------+--------+--------+--------+--------+-----+--------+
         Total |   6101 |   5946 |    155 |   2366 |   2498 |   5 | 1220.2 |
       Dungeon |   6101 |   5946 |    155 |   2366 |   2498 |   5 | 1220.2 |
               +--------+--------+--------+--------+--------+-----+--------+

Top non-repeatable levels by time:
     D:3: 1611 daAuts
     D:1: 1356 daAuts
     D:2: 1257 daAuts
     D:4: 1004 daAuts
     D:5: 872 daAuts
